 Dungeon Crawl Stone Soup version 0.18.0-1-g0107ab7 (webtiles) character file.

97 esojarj the Shooter (level 4, 0/29 HPs)
             Began as a High Elf Hunter on May 5, 2016.
             Slain by a giant gecko (5 damage)
             ... on level 2 of the Dungeon.
             The game lasted 00:10:15 (1810 turns).

esojarj the Shooter (High Elf Hunter)               Turns: 1810, Time: 00:10:16

Health: 0/29       AC:  3    Str: 12    XL:     4   Next: 42%
Magic:  5/5        EV: 12    Int: 15    God:
Gold:   88         SH:  0    Dex: 15    Spells: 0 memorised, 3 levels left

rFire  . . .     SeeInvis .     a - +1 shortbow
rCold  . . .     Gourm    .     c - +0 leather armour
rNeg   . . .     Faith    .     (shield currently unavailable)
rPois  .         Spirit   .     (no helmet)
rElec  .         Dismiss  .     (no cloak)
rCorr  .         Reflect  .     (no gloves)
SustAt .         Harm     .     (no boots)
MR     .....                    (no amulet)
Stlth  ++........               (no ring)
                                (no ring)

@: starving, not resistant to hostile enchantments, unstealthy
A: no striking features
a: no special abilities


You were on level 2 of the Dungeon.
You were starving.

You visited 1 branch of the dungeon, and saw 2 of its levels.

You collected 88 gold pieces.

Inventory:

Hand Weapons
 a - a +1 shortbow (weapon)
 b - a +0 short sword
Missiles
 d - 48 arrows (quivered)
Armour
 c - a +0 leather armour (worn)
Scrolls
 l - a scroll of magic mapping {unknown}
 o - a scroll of teleportation {unknown}
 q - a scroll of fog {unknown}
Potions
 e - a potion of ambrosia {unknown}
 g - a potion of brilliance {unknown}
 i - 2 potions of curing {unknown}
 k - a potion of might {unknown}
 n - a potion of agility {unknown}
Comestibles
 f - 2 bread rations
 h - 2 beef jerkies
 j - a royal jelly
 m - a slice of pizza
 p - a meat ration


   Skills:
 + Level 2.2 Fighting
 + Level 7.2 Bows
 + Level 0.8 Armour
 + Level 2.7 Dodging
 + Level 1.2 Stealth


You had 3 spell levels left.
You didn't know any spells.

Dungeon Overview and Level Annotations

Branches:
Dungeon (2/15)

Altars:


Message History

The giant gecko barely misses you. The giant gecko bites you.
The giant cockroach barely misses you. The giant gecko barely misses you.
The giant cockroach closely misses you. The giant cockroach barely misses you.
The giant gecko bites you.
* * * LOW HITPOINT WARNING * * *
The giant cockroach bites you.
* * * LOW HITPOINT WARNING * * *
The giant gecko closely misses you. The giant cockroach misses you.
The giant gecko bites you.
* * * LOW HITPOINT WARNING * * *
The giant cockroach barely misses you.
A rat comes into view.
The giant gecko bites you.
* * * LOW HITPOINT WARNING * * *
The giant cockroach bites you but does no damage.
The giant gecko bites you but does no damage.
The giant gecko bites you.
You die...

....##.###### .. ....##.##... .
....$.....# .## .#.#.#....# ..#
...# ..........## #.# #..##
...........# #.# #...#
...........#####.######## ...#
..........r.r.sl....<)..### #..#
........<#######@######...###..#
..##.............(.....##......##
.###...#..#######.####.....)...#.
..........## #.# #######.....
.##....##... #.## ###.#...
.##.........### #..# ##.......
####.#.#......####.######...##...
... #.....##..##.....####.. #.#
###...........#### #.


You could see a giant gecko, a giant cockroach and 2 rats.

Vanquished Creatures
  Ijyb (D:2)
  4 gnolls (D:2)
  An adder (D:2)
  2 giant geckos
  4 bats
  A giant cockroach (D:1)
  2 goblins
  2 hobgoblins
  A quokka (D:2)
  3 kobolds
  4 rats
25 creatures vanquished.

Notes
Turn   | Place    | Note
--------------------------------------------------------------
     0 | D:1      | esojarj the High Elf Hunter began the quest for the Orb.
     0 | D:1      | Reached XP level 1. HP: 14/14 MP: 2/2
   581 | D:1      | Reached XP level 2. HP: 19/19 MP: 3/3
  1085 | D:2      | Reached skill level 6 in Bows
  1148 | D:2      | Noticed Ijyb
  1157 | D:2      | Killed Ijyb
  1157 | D:2      | Reached XP level 3. HP: 18/24 MP: 4/4
  1352 | D:2      | Reached XP level 4. HP: 13/29 MP: 5/5
  1353 | D:2      | Reached skill level 7 in Bows
  1810 | D:2      | Slain by a giant gecko

Skill      XL: |  1  2  3  4 |
---------------+-------------+-----
Bows           | 6 7 |  7.2
Fighting       | |  2.2
Armour         | |  0.8
Dodging        | |  2.7
Stealth        | |  1.2

Action                   |  1- 3 |  4- 6 || total
-------------------------+-------+-------++-------
 Fire: Shortbow          |    72 |    17 ||    89
Armor: Leather armour    |    14 |    11 ||    25
Dodge: Dodged            |    21 |    50 ||    71
